 Dungeon Crawl Stone Soup version 0.25.0-9-g26727b657a (webtiles) character file.

Game seed: 5503900995637037753

25 Descartes the Grasshopper (level 2, 0/13 HPs)
             Began as a Felid Warper on June 21, 2020.
             Slain by a small abomination (1 damage)
             ... on level 3 of the Abyss.
             The game lasted 00:03:26 (1136 turns).

Descartes the Grasshopper (Felid Warper)            Turns: 1136, Time: 00:03:26

Health: 0/13       AC:  1    Str:  7    XL:     2   Next: 82%
Magic:  6/6        EV: 18    Int: 14    God:
Gold:   76         SH:  0    Dex: 15    Spells: 1/5 levels left
                                        Lives:  0   Deaths: 0

rFire    . . .     SeeInvis +     - Unarmed
rCold    . . .     Gourm    .   (shield unavailable)
rNeg     . . .     Faith    .   (armour unavailable)
rPois    .         Spirit   .   (helmet unavailable)
rElec    .         Reflect  .   (cloak unavailable)
rCorr    .         Harm     .   (gloves unavailable)
MR       .....                  (boots unavailable)
Stlth    ++........             (no amulet)
HPRegen  0.04/turn              (no ring)
MPRegen  0.10/turn              (no ring)

@: quick
A: very small, no armour, no weapons or thrown items, stealth, claws 1, fangs 3,
see invisible, carnivore, speed 1, shaggy fur 1, slow metabolism 1, sharp paws
a: no special abilities


You were on level 3 of the Abyss.
You were completely stuffed.

You visited 1 branch of the dungeon, and saw 1 of its levels.
You visited the Abyss 1 time.

You collected 76 gold pieces.

Inventory:

Missiles
 a - 30 stones
Jewellery
 i - an uncursed ring of fire {unknown}
Scrolls
 b - a scroll of blinking
 d - 3 scrolls of identify {unknown}
 h - a scroll of remove curse {unknown}
Potions
 e - 2 potions of lignification {unknown}
 g - a potion of curing {unknown}
Comestibles
 c - a ration
 f - 4 chunks of flesh


   Skills:
 - Level 2.0 Fighting
 + Level 3.5 Dodging
 * Level 2.2 Stealth
 * Level 2.6 Unarmed Combat
 - Level 2.0 Spellcasting
 - Level 4.4 Translocations


You had one spell level left.
You knew the following spells:

 Your Spells              Type           Power        Failure   Level  Hunger
a - Blink                 Tloc           N/A          6%          2    ###....
b - Shroud of Golubria    Chrm/Tloc      #.....       14%         2    ###....

Your spell library contained the following spells:

 Spells                   Type           Power        Failure   Level  Hunger
 Gell's Gravitas          Tloc           ##........   12%         3    ####...
 Lesser Beckoning         Tloc           ##........   12%         3    ####...
 Teleport Other           Tloc           ##......     12%         3    ####...
 Passage of Golubria      Tloc           N/A          36%         4    #####..


Dungeon Overview and Level Annotations

Branches:
Dungeon (1/15)

Altars:


Innate Abilities, Weirdness & Mutations

You cannot wear armour.
You are incapable of wielding weapons or throwing items.
Your paws allow you to move quietly. (Stealth)
You have sharp claws.
You have razor-sharp teeth.
You have supernaturally acute eyesight. (SInv)
You are carnivorous and can eat meat at any time.
You cover ground quickly.
You are covered in fur. (AC +1)
You have a slow metabolism.
Your sharp claws are effective at attacking unaware monsters.


Message History

You now have 76 gold pieces (gained 18).
Found a glowing dagger.
Found a scroll labeled FALOCHONUE.
Found 31 gold pieces.
A small abomination comes into view.
You see here a scroll labeled FALOCHONUE.
h - a scroll labeled FALOCHONUE A large abomination comes into view.
Found a shiny granite ring.
You see here a shiny granite ring.
i - a shiny granite ring The small abomination barely misses you.
The large abomination completely misses you.
The small abomination closely misses you.
The small abomination hits you!
Ouch! That really hurt!
* * * LOW HITPOINT WARNING * * *
The small abomination barely misses you.
The small abomination hits you.
You die...

#....#....##..
#..##. ##.#.#.#
.. ##.... ..#..#
. #......#..#
.##.....#..#..#
...#...##..## .
##.........
##.#..#.##...#
.#.###@#####...#
. .#.#x...#.# ##
... #.X.....#
####...## ...4#
#..#.# .#..#
#.... ##.##


You could see an orange demon (wandering), a large abomination and a small
abomination.

Vanquished Creatures
  An ooze (D:1)
  A dart slug (D:1)
  A leopard gecko (D:1)
  3 goblins (D:1)
  2 hobgoblins (D:1)
  6 bats (D:1)
  A frilled lizard (D:1)
  A kobold (D:1)
  4 rats (D:1)
20 creatures vanquished.

Notes
Turn   | Place    | Note
-------+----------+-------------------------------------------
     0 | D:1      | Descartes the Felid Warper began the quest for the Orb.
     0 | D:1      | Reached XP level 1. HP: 9/9 MP: 4/4
    48 | D:1      | Reached skill level 1 in Stealth
   131 | D:1      | Reached XP level 2. HP: 13/13 MP: 6/6
   960 | D:1      | Learned a level 2 spell: Blink
   963 | D:1      | Learned a level 2 spell: Shroud of Golubria
   984 | D:1      | Cast into level 1 of the Abyss (kobold)
   999 | Abyss:1  | Noticed a bone dragon
  1019 | Abyss:1  | Found a basalt altar of Yredelemnul.
  1046 | Abyss:3  | Found a corrupted altar of Lugonu.
  1074 | Abyss:3  | Noticed a neqoxec
  1106 | Abyss:3  | Noticed a small abomination
  1123 | Abyss:3  | Noticed a large abomination
  1133 | Abyss:3  | Noticed an orange demon
  1136 | Abyss:3  | Slain by a small abomination

Illustrated notes

Levels and vault maps discovered:
D:1:      grunt_arrival_crossed_arrows, layout_basic, serial_bayou_crossing
Abyss:3:  base: D:1, base: D:1, nicolae_abyss_rune_left_handed,
          bh_abyss_xom_lugonu_altar, evilmike_abyss_rune_elephants_shrine,
          evilmike_abyss_rune_elephants_shrine

Skill      XL: |  1  2 |
---------------+-------+-----
Stealth        | 1 2 |  2.2
Fighting       | |  2.0
Dodging        | |  3.5
Unarmed Combat | |  2.6
Spellcasting   | |  2.0
Translocations | |  4.4

Action                   || total
-------------------------++-------
Melee: Unarmed           ||    60
       Bite              ||     6
 Stab: Sleeping          ||     6
  Eat: Chunk             ||     8
Armor: Skin              ||     1
Dodge: Dodged            ||    48
